 Dungeon Crawl Stone Soup version 0.27-a0-1181-g5f64966fcc (webtiles) character file.

Game seed: 3809879507668263968

143 sizableburger the Skirmisher (level 5, -3/54 HPs)
             Began as an Ogre Arcane Marksman on May 17, 2021.
             Slain by Pikel
             ... wielding a +1 whip of flaming
              (5 damage)
             ... on level 4 of the Dungeon.
             The game lasted 00:07:15 (4343 turns).

sizableburger the Skirmisher (Ogre Arcane Marksman) Turns: 4343, Time: 00:07:16

Health: -3/54      AC:  3    Str: 14    XL:     5   Next: 25%
Magic:  6/6        EV:  9    Int: 15    God:
Gold:   120        SH:  0    Dex:  9    Spells: 3/6 levels left

rFire    . . .     SeeInvis .   h - +0 whip
rCold    . . .     Faith    .   (no shield)
rNeg     . . .     Spirit   .   a - +0 robe
rPois    .         Reflect  .   (helmet restricted)
rElec    .         Harm     .   (no cloak)
rCorr    .         Rampage  .   (gloves unavailable)
Will     .....                  (boots unavailable)
Stlth    +.........             (no amulet)
HPRegen  0.18/turn              e - ring of flight
MPRegen  0.10/turn              (no ring)

@: flying
A: large, unfitting armour, tough skin 1
a: no special abilities


You were on level 4 of the Dungeon.
You visited 1 branch of the dungeon, and saw 4 of its levels.

You collected 120 gold pieces.

Inventory:

Hand Weapons
 h - a +0 whip (weapon)
 i - a +2 vampiric dagger
Missiles
 c - 3 large rocks (quivered)
 l - 10 poisoned darts
Armour
 a - a +0 robe (worn)
Jewellery
 e - a ring of flight (left hand)
Scrolls
 b - 3 scrolls of identify {unknown}
 g - 2 scrolls of holy word {unknown}
 k - a scroll of teleportation {unknown}
 o - a scroll of magic mapping {unknown}
Potions
 f - a potion of invisibility {unknown}
 j - 2 potions of curing {unknown}
 m - a potion of mutation {unknown}
 n - a potion of ambrosia {unknown}


   Skills:
 + Level 3.8 Fighting
 + Level 2.0 Maces & Flails
 - Level 2.2 Throwing
 - Level 1.7 Dodging
 - Level 1.2 Spellcasting
 + Level 3.7 Hexes


You had 3 spell levels left.
You knew the following spells:

 Your Spells              Type           Power      Damage    Failure   Level
a - Corona                Hex            13%        N/A       5%          1
b - Slow                  Hex            12%        N/A       8%          2

Your spell library contained the following spells:

 Spells                   Type           Power      Damage    Failure   Level
 Inner Flame              Hex/Fire       6%         N/A       32%         3
 Portal Projectile        Hex/Tloc       12%        N/A       32%         3
 Cause Fear               Hex            6%         N/A       45%         4
 Leda's Liquefaction      Hex/Erth       3%         N/A       73%         4


Dungeon Overview and Level Annotations

Branches:
Dungeon (4/15)             Temple (0/1) D:4

Altars:
Kikubaaqudgha
Makhleb
Okawaru
Qazlal

Shops:
D:1 [*?[*   D:3 =

Annotations:
D:4 Dowan, Duvessa, Pikel


Innate Abilities, Weirdness & Mutations

You are too large for most types of armour.
You have tough skin. (AC +1)


Message History

Press: ? - help, Shift-Dir - straight line, f/p - Pikel
Aim: Pikel, wielding a +1 whip of flaming and wearing a +0 robe (moderately wounded, extremely poisoned, chance to affect: 49%) Pikel is outlined in light.
Pikel hits you with a +1 whip of flaming.
Pikel burns you.
Throw: 4 large rocks
Press: ? - help, Q - select action, (/) - cycle Shift-Dir - straight line, f/p - Pikel
Aim: Pikel, wielding a +1 whip of flaming and wearing a +0 robe (moderately wounded, extremely poisoned, softly glowing, 68% to hit)
You throw a large rock. The large rock closely misses Pikel.
Pikel hits you with a +1 whip of flaming!
Pikel burns you.
Pikel hits you with a +1 whip of flaming!
Pikel burns you.
* * * LOW HITPOINT WARNING * * *
Pikel says, "You'll make a fine lemure."
Items here: ( ) ††.
Throw: 2 throwing nets
Press: ? - help, Q - select action, (/) - cycle Shift-Dir - straight line, f/p - Pikel
Aim: Pikel, wielding a +1 whip of flaming and wearing a +0 robe (heavily wounded, very poisoned, softly glowing, 68% to hit)
You throw a throwing net. The throwing net barely misses Pikel.
Pikel stops glowing.
Throw: throwing net
Press: ? - help, Q - select action, (/) - cycle Shift-Dir - straight line, f/p - Pikel
Aim: Pikel, wielding a +1 whip of flaming and wearing a +0 robe (heavily wounded, very poisoned, 47% to hit)
You throw a throwing net.
The throwing net completely misses Pikel.
Pikel barely misses you.
You see here a poisoned dart.
Items here: (( ) ††.
d - a throwing net Pikel hits you with a +1 whip of flaming!
* * * LOW HITPOINT WARNING * * *
Pikel burns you.
* * * LOW HITPOINT WARNING * * *
Throw: throwing net
Press: ? - help, Q - select action, (/) - cycle Shift-Dir - straight line, f/p - Pikel
Aim: Pikel, wielding a +1 whip of flaming and wearing a +0 robe (severely wounded, very poisoned, 47% to hit)
You throw a throwing net. The throwing net barely misses Pikel.
Pikel hits you with a +1 whip of flaming.
You die...

. #############...
###(...K@(<.......
## #...#(####..###..
# #.###.#(..###..##
#.h##h....(.......##
........((.#.######
..##...(###.#
....⌠...## ..#
......... ...#
..⌠.>.⌠..###.#


You could see Pikel (very poisoned).

Vanquished Creatures
  An orc priest (D:3)
  An orc wizard (D:2)
  2 adders (D:2)
  2 worms (D:3)
  A dart slug (D:1)
  5 orcs (D:3)
  3 endoplasms
  2 giant cockroaches
  6 goblins
  4 hobgoblins
  4 jackals
  5 kobolds
  2 quokkas
  5 ball pythons
  5 bats
  2 frilled lizards
  5 rats
55 creatures vanquished.

Notes
Turn   | Place    | Note
-------+----------+-------------------------------------------
     0 | D:1      | sizableburger the Ogre Arcane Marksman began the quest for
                  | the Orb.
     0 | D:1      | Reached XP level 1. HP: 19/19 MP: 2/2
    45 | D:1      | Found Muog's Assorted Antiques.
   140 | D:1      | Found Rizeirch's Antique Armour Boutique.
   189 | D:1      | Found Bostobem's General Store.
   195 | D:1      | Found Wuofat's Magic Scroll Shop.
   508 | D:1      | Found Coaffint's Armour Shoppe.
   527 | D:1      | Reached XP level 2. HP: 18/28 MP: 3/3
   860 | D:1      | Learned a level 2 spell: Slow
   860 | D:1      | Found a faded altar of an unknown god.
  1992 | D:2      | Reached XP level 3. HP: 36/36 MP: 2/4
  2383 | D:2      | Reached skill level 1 in Maces & Flails
  3003 | D:2      | Reached XP level 4. HP: 29/45 MP: 2/5
  3403 | D:3      | Reached XP level 5. HP: 53/53 MP: 6/6
  3417 | D:3      | Found Cuiruoso's Jewellery Boutique.
  3492 | D:3      | Found a stormy altar of Qazlal.
  4193 | D:3      | Found a burning altar of Makhleb.
  4199 | D:3      | Found an ancient bone altar of Kikubaaqudgha.
  4204 | D:3      | Found an iron altar of Okawaru.
  4274 | D:4      | Noticed Duvessa
  4274 | D:4      | Noticed Dowan
  4274 | D:4      | Noticed a phantom
  4274 | D:4      | Found a staircase to the Ecumenical Temple.
  4318 | D:4      | Noticed Pikel
  4342 | D:4      | HP: 2/54 [Pikel/+1 whip of flaming (6)]
  4343 | D:4      | Slain by Pikel

Illustrated notes

Levels and vault maps discovered:
D:1:      co_arrival_square_in_a_square_in_a_square, layout_loops_ring,
          shapermc_ecumenical_altar_mp_highgroup, serial_shops,
          nicolae_shop_trees, shop, nicolae_shop_crystal, shop, shop
D:2:      layout_basic, minmay_small_reverse_x
D:3:      layout_basic, nicolae_overflow_hidden_temple,
          minmay_overflow_temple_star_quad, serial_shops, shop
D:4:      layout_rooms, kennysheep_mini_moat, temple_fountains,
          kennysheep_generic_room_7, uniq_duvessa, uniq_ijyb, uniq_eustachio,
          uniq_pikel

Skill      XL: |  1  2  3  4  5 |
---------------+----------------+-----
Fighting       | 2 3 |  3.8
Hexes          | 3 |  3.7
Maces & Flails | 1 2 |  2.0
Throwing       | |  2.2
Dodging        | |  1.7
Spellcasting   | |  1.2

Action                   |  1- 3 |  4- 6 || total
-------------------------+-------+-------++-------
Melee: Unarmed           |    71 |       ||    71
       Dagger            |   116 |    83 ||   199
       Whip              |     9 |    24 ||    33
Throw: Large rock        |     5 |     1 ||     6
       Dart              |     3 |    20 ||    23
       Throwing net      |       |     3 ||     3
 Cast: Corona            |    19 |     3 ||    22
       Slow              |     3 |       ||     3
  Use: Potion            |     1 |       ||     1
Armor: Robe              |    66 |    26 ||    92
       Skin              |    16 |       ||    16
Dodge: Dodged            |    92 |    31 ||   123

Table legend: (Time is in decaauts)
 A = Elapsed time spent in this place.
 B = Non-inter-level travel time spent in this place.
 C = Inter-level travel time spent in this place.
 D = Time resting spent in this place.
 E = Time spent auto-exploring this place.
 F = Levels seen in this place.
 G = Mean time per level.
                   A        B        C        D        E       F      G
               +--------+--------+--------+--------+--------+-----+--------+
         Total |   4344 |   4199 |    145 |   1325 |   2268 |   4 | 1086.0 |
       Dungeon |   4344 |   4199 |    145 |   1325 |   2268 |   4 | 1086.0 |
               +--------+--------+--------+--------+--------+-----+--------+

Top non-repeatable levels by time:
     D:1: 1605 daAuts
     D:2: 1474 daAuts
     D:3: 1196 daAuts
     D:4: 68 daAuts
